 Dungeon Crawl Stone Soup version 0.19.1-1-g22dce08 (webtiles) character file.

6290 Peloso the Carver (level 10, -5/86 HPs)
             Began as a Ghoul Fighter on Jan 6, 2017.
             Was a Priest of Okawaru.
             Slain by a spiny frog (12 damage)
             ... on level 1 of the Lair of Beasts.
             The game lasted 00:28:38 (8550 turns).

Peloso the Carver (Ghoul Fighter)                   Turns: 8550, Time: 00:28:39

Health: -5/86      AC: 16    Str: 24    XL:     10   Next: 94%
Magic:  9/9        EV:  6    Int:  3    God:    Okawaru [***...]
Gold:   109        SH: 11    Dex: 11    Spells: 0 memorised, 9 levels left

rFire  . . .     SeeInvis .     z - +3 scimitar (flame)
rCold  + . .     Gourm    .     G - +0 plate armour
rNeg   + + +     Faith    .     c - +0 shield
rPois  ∞         Spirit   .     (no helmet)
rElec  .         Reflect  .     (no cloak)
rCorr  .         Harm     .     e - +1 pair of gloves {Str+3}
MR     .....                    l - +0 pair of boots
Stlth  ..........               (no amulet)
                                (no ring)
                                (no ring)

@: rotting
A: rotting body, claws 1, carnivore 3, cold resistance 1, negative energy
resistance 3, slow regeneration 1, torment resistance, unbreathing
a: Heroism, Renounce Religion


You were on level 1 of the Lair of Beasts.
You worshipped Okawaru.
Okawaru was most pleased with you.
You were not hungry.

You visited 3 branches of the dungeon, and saw 11 of its levels.

You collected 417 gold pieces.
You spent 308 gold pieces at shops.

Inventory:

Hand Weapons
 a - a +0 long sword
 y - a +3 long sword of slicing
 z - a +3 scimitar of flaming (weapon)
Armour
 c - a +0 shield (worn)
 e - a +1 pair of gloves of strength (worn)
 l - a +0 pair of boots (worn)
 G - a +0 plate armour (worn)
Wands
 i - a wand of confusion (16/48)
 p - a wand of lightning (5/15)
 I - a wand of lightning (9/15)
Scrolls
 d - a scroll of magic mapping
 m - a scroll of remove curse
 n - a scroll of blinking {unknown}
 q - 2 scrolls of enchant armour {unknown}
 s - a scroll of fear {unknown}
 u - 2 scrolls of amnesia {unknown}
 A - a scroll of identify
 C - a scroll of acquirement {unknown}
 D - a scroll of vulnerability {unknown}
 E - a scroll of teleportation
 J - a scroll of fog {unknown}
Potions
 b - a potion of ambrosia
 h - 2 potions of cancellation {unknown}
 o - 2 potions of cure mutation
 t - 2 potions of lignification {unknown}
 v - a potion of brilliance {unknown}
 w - a potion of magic {unknown}
 x - a potion of heal wounds {unknown}
 H - a potion of agility
Books
 g - a book of Battle

   Spells                             Type                      Level
   a - Infusion                       Charms                       1
   b - Shroud of Golubria             Charms/Translocation         2
   c - Song of Slaying                Charms                       2
   d - Spectral Weapon                Hexes/Charms                 3
   e - Regeneration                   Charms/Necromancy            3
 j - a book of Changes

   Spells                             Type                      Level
   a - Beastly Appendage              Transmutation                1
   b - Sticks to Snakes               Transmutation                2
   c - Spider Form                    Transmutation/Poison         3
   d - Ice Form                       Ice/Transmutation            4
   e - Blade Hands                    Transmutation                5
 B - a book of Necromancy

   Spells                             Type                      Level
   a - Pain                           Necromancy                   1
   b - Animate Skeleton               Necromancy                   1
   c - Vampiric Draining              Necromancy                   3
   d - Regeneration                   Charms/Necromancy            3
   e - Animate Dead                   Necromancy                   4
   f - Control Undead                 Necromancy                   4
Comestibles
 f - 4 meat rations
 r - a beef jerky
 F - a royal jelly


   Skills:
 + Level 7.3 Fighting
 + Level 9.4 Long Blades
 + Level 6.8 Armour
 + Level 3.0 Dodging
 + Level 1.2 Stealth
 + Level 7.9 Shields


You had 9 spell levels left.
You didn't know any spells.

Dungeon Overview and Level Annotations

Branches:
Dungeon (9/15)             Temple (1/1) D:6            Lair (1/6) D:9
    Orc: D:9-12

Altars:
Ashenzari
Cheibriados
Dithmenos
Elyvilon
Fedhas
Gozag
Hepliaklqana
Kikubaaqudgha
Makhleb
Nemelex Xobeh
Okawaru
Qazlal
Ru
Sif Muna
Trog
Uskayaw
Vehumet
Xom
Yredelemnul
Zin
The Shining One

Shops:
D:6 }   D:8 ?   D:9 *


Innate Abilities, Weirdness & Mutations

Your body is rotting away.
You thrive on raw meat.
You are immune to poison.
You have sharp fingernails.
You are carnivorous and can eat meat at any time.
Your flesh is cold resistant. (rC+)
You are immune to negative energy. (rN+++)
You regenerate slowly when monsters are visible.
You are immune to unholy pain and torment.
You can survive without breathing.


Message History

The spiny frog is heavily wounded.
The spiny frog stings you!
* * * LOW HITPOINT WARNING * * *
You slash the spiny frog! You burn the spiny frog.
The spiny frog is almost dead.
You block the spiny frog's attack.
The spiny frog stings you but does no damage.
You hit the spiny frog but do no damage.
The spiny frog is almost dead.
You block the spiny frog's attack.
You feel better. You block the spiny frog's attack. The spiny frog stings you!
* * * LOW HITPOINT WARNING * * *
A black mamba comes into view.
The spiny frog stings you.
* * * LOW HITPOINT WARNING * * *
You block the spiny frog's attack.
You feel better.
The spiny frog stings you but does no damage.
You block the spiny frog's attack. The spiny frog stings you!
You die...

..#. ### # ##..## .#....#
#..#.# ....+.## ###.####
#..#..# ##.#'P### . .S#..#
#.......# ..( #...#
###.......# ....##...#
#####.'.......#
...#....F###P##..#)......#
#...$.F@......##.......#
#....$..###.#####.......#
#.......# ### #.......#
#.......# P.......#
#.......# #####+..##
#.......# ### ##.###.## #.
..#


You could see a black mamba and 2 spiny frogs.

Vanquished Creatures
  A hydra (Lair:1)
  Erica (D:9)
  The ghost of Angani the Cleaver, a novice HOAK of Lugonu (D:6)
  A manticore (D:6)
  Eustachio (D:6)
  The ghost of Dolanko the Slasher, an amateur DrGl (D:4)
  A hungry ghost (D:7)
  Grum (D:8)
  2 water moccasins
  2 orc warriors
  2 sky beasts
  2 phantoms
  A hornet zombie (D:8)
  A black bear (D:7)
  3 wolves (D:8)
  3 ogres
  2 centaurs
  3 bullfrogs
  3 scorpions
  4 killer bees (D:9)
  3 wights (D:6)
  4 crimson imps
  A jelly (D:6)
  4 bullfrog skeletons
  5 hounds
  A gnoll shaman (D:3)
  An orc priest (D:9)
  A centaur skeleton (D:4)
  6 orc wizards
  An iguana (D:3)
  8 worker ants
  2 hound skeletons (D:8)
  A worker ant zombie (D:5)
  12 gnolls
  10 adders
  5 shadow imps
  4 oozes
  An adder zombie (D:8)
  2 adder skeletons
  2 dart slugs (D:1)
  3 leopard geckos
  28 orcs
  3 ball pythons
  8 bats
  3 giant cockroaches
  12 goblins
  9 hobgoblins
  15 jackals
  8 kobolds
  3 frilled lizards
  A jackal zombie (D:5)
  2 leopard gecko skeletons
  A leopard gecko zombie (D:6)
  A quokka skeleton (D:6)
  16 rats
223 creatures vanquished.

Notes
Turn   | Place    | Note
-------+----------+-------------------------------------------
     0 | D:1      | Peloso the Ghoul Fighter began the quest for the Orb.
     0 | D:1      | Reached XP level 1. HP: 19/19 MP: 0/0
   108 | D:1      | Reached XP level 2. HP: 24/26 MP: 1/1
   137 | D:1      | Reached skill level 2 in Long Blades
   500 | D:1      | Reached XP level 3. HP: 31/31 MP: 2/2
   987 | D:2      | Reached XP level 4. HP: 36/38 MP: 3/3
  1082 | D:2      | Reached skill level 3 in Long Blades
  1129 | D:2      | Found a basalt altar of Yredelemnul.
  1322 | D:2      | Reached skill level 1 in Dodging
  1406 | D:2      | Reached XP level 5. HP: 45/45 MP: 4/4
  1422 | D:2      | Found a glowing golden altar of the Shining One.
  2295 | D:4      | Noticed Dolanko's ghost (amateur DrGl)
  2492 | D:3      | Reached XP level 6. HP: 40/51 MP: 5/5
  2945 | D:4      | Reached skill level 4 in Long Blades
  3146 | D:4      | Noticed a phantom
  3176 | D:4      | Killed a phantom
  3176 | D:4      | Reached XP level 7. HP: 51/59 MP: 6/6
  3211 | D:4      | Killed Dolanko's ghost
  3585 | D:5      | Entered Level 5 of the Dungeon
  3767 | D:5      | Reached skill level 5 in Long Blades
  3842 | D:5      | Reached skill level 5 in Shields
  3842 | D:5      | Reached XP level 8. HP: 14/67 MP: 7/7
  4148 | D:5      | Found a shimmering altar of Xom.
  4336 | D:6      | Noticed Angani's ghost (novice HOAK)
  5149 | D:6      | Reached skill level 5 in Fighting
  5149 | D:6      | Reached skill level 6 in Long Blades
  5156 | D:6      | Reached skill level 5 in Armour
  5165 | D:6      | Noticed a manticore
  5180 | D:6      | Killed a manticore
  5180 | D:6      | Reached XP level 9. HP: 12/74 MP: 8/8
  5391 | D:6      | Found Ydueckawk's Gadget Shop.
  5415 | D:6      | Noticed Eustachio
  5450 | D:6      | Killed Eustachio
  5802 | D:6      | Found a staircase to the Ecumenical Temple.
  5836 | Temple   | Entered the Ecumenical Temple
  5852 | Temple   | Became a worshipper of Warmaster Okawaru
  6030 | D:6      | Killed Angani's ghost
  6030 | D:6      | Reached * piety under Okawaru
  6030 | D:6      | Reached skill level 7 in Long Blades
  6453 | D:7      | Reached XP level 10. HP: 80/83 MP: 9/9
  6892 | D:8      | Noticed Grum
  6908 | D:8      | Reached ** piety under Okawaru
  6908 | D:8      | Reached skill level 8 in Long Blades
  6940 | D:8      | Killed Grum
  7022 | D:8      | Found Gonikap's Magic Scroll Shop.
  7026 | D:8      | Bought a scroll of identify for 28 gold pieces
  7026 | D:8      | Bought a scroll of brand weapon for 280 gold pieces
  7586 | D:8      | Found a shimmering altar of Xom.
  7588 | D:8      | Found a sacrificial altar of Ru.
  7732 | D:9      | Noticed Erica
  7798 | D:9      | Killed Erica
  7798 | D:9      | Reached skill level 1 in Stealth
  7974 | D:9      | Found Xaynuegg's General Store.
  8139 | D:9      | Reached *** piety under Okawaru
  8139 | D:9      | Reached skill level 9 in Long Blades
  8485 | D:9      | Found a staircase to the Lair.
  8494 | Lair:1   | Entered Level 1 of the Lair of Beasts
  8494 | Lair:1   | Noticed a five-headed hydra
  8502 | Lair:1   | Killed a one-headed hydra
  8537 | Lair:1   | Noticed a spiny frog
  8542 | Lair:1   | Noticed a spiny frog
  8549 | Lair:1   | Noticed a black mamba
  8549 | Lair:1   | HP: 2/86 [spiny frog (4)]
  8550 | Lair:1   | Slain by a spiny frog

Skill      XL: |  1  2  3  4  5  6  7  8  9 10 |
---------------+-------------------------------+-----
Long Blades    | 2 3 4 5 6 7 9 |  9.4
Shields        | 3 4 5 6 7 |  7.9
Armour         | 3 4 5 6 |  6.8
Dodging        | 1 2 3 |  3.0
Fighting       | 4 5 7 |  7.3
Stealth        | 1 |  1.2

Action                   |  1- 3 |  4- 6 |  7- 9 | 10-12 || total
-------------------------+-------+-------+-------+-------++-------
Melee: Long sword        |   126 |   287 |   500 |   155 ||  1068
       Scimitar          |       |       |       |    85 ||    85
  Use: Scroll            |       |       |     6 |     6 ||    12
       Potion            |       |       |     1 |     2 ||     3
  Eat: Chunk             |     1 |    18 |    19 |     9 ||    47
Armor: Scale mail        |    74 |    80 |       |       ||   154
       Chain mail        |       |    71 |   283 |    63 ||   417
       Plate armour      |       |       |       |    11 ||    11
Dodge: Dodged            |    49 |    99 |   106 |    48 ||   302
Block: Shield            |    58 |   201 |   281 |   120 ||   660
       Rpst.: Long sword |    18 |    32 |    20 |    13 ||    83
       Scimitar          |       |       |       |     5 ||     5
